 Dungeon Crawl Stone Soup version 0.28-a0-21-gf74fda84f9 (webtiles) character file.

Game seed: 743958545725341483

60 Spaninq the Ruffian (level 4, -12/37 HPs)
             Began as a Ghoul Warper on July 26, 2021.
             Engulfed by a cloud of flame (21 damage)
             ... on level 2 of the Dungeon.
             The game lasted 00:03:36 (1853 turns).

Spaninq the Ruffian (Ghoul Warper)                  Turns: 1853, Time: 00:03:37

Health: -12/37     AC:  8    Str: 21    XL:     4   Next: 4%
Magic:  5/5        EV:  8    Int:  8    God:
Gold:   86         SH:  0    Dex:  8    Spells: 4/6 levels left

rFire   . . .      SeeInvis .     - Unarmed
rCold   + . .      Faith    .   (no shield)
rNeg    + + +      Spirit   .   i - +0 chain mail
rPois   ∞          Reflect  .   (no helmet)
rElec   .          Harm     .   (no cloak)
rCorr   .          Rampage  .   (no gloves)
Will    .....                   (no boots)
Stlth   ..........              (no amulet)
HPRegen 0.12/turn               f - +6 ring of strength
MPRegen 0.09/turn               (no ring)

@: no status effects
A: claws 1, cold resistance 1, negative energy resistance 3, inhibited
regeneration, torment resistance 2
a: no special abilities


You were on level 2 of the Dungeon.
You visited 1 branch of the dungeon, and saw 2 of its levels.

You collected 86 gold pieces.

Inventory:

Missiles
 c - 5 boomerangs of dispersal (quivered)
Armour
 i - a +0 chain mail (worn)
Jewellery
 f - a +6 ring of strength (left claw)
Scrolls
 a - a scroll of immolation {unknown}
 b - 2 scrolls of blinking
 d - a scroll of teleportation {unknown}
 e - 4 scrolls of identify {unknown}
 g - a scroll of fear {unknown}
 k - a scroll of vulnerability {unknown}
 m - a scroll of fog {unknown}
 n - a scroll of enchant weapon {unknown}
Potions
 h - 2 potions of curing {unknown}
 j - a potion of resistance {unknown}
 l - a potion of lignification {unknown}
 o - a potion of degeneration {unknown}


   Skills:
 + Level 2.8 Fighting
 - Level 0.8 Throwing
 + Level 1.6 Armour
 + Level 2.2 Dodging
 * Level 3.4 Unarmed Combat
 - Level 1.7 Spellcasting
 - Level 2.6 Translocations


You had 4 spell levels left.
You knew the following spells:

 Your Spells              Type           Power      Damage    Failure   Level
a - Blink                 Tloc           N/A        N/A       88%         2

Your spell library contained the following spells:

 Spells                   Type           Power      Damage    Failure   Level
 Gell's Gravitas          Tloc           2%         N/A       98%         3
 Lesser Beckoning         Tloc           2%         N/A       98%         3
 Teleport Other           Tloc           5%         N/A       98%         3
 Manifold Assault         Tloc           5%         N/A       100%        5


Dungeon Overview and Level Annotations

Branches:
Dungeon (2/15)

Altars:


Innate Abilities, Weirdness & Mutations

You thrive by killing the living.
You are immune to poison.
You have sharp fingernails.
Your flesh is cold resistant. (rC+)
You are immune to negative energy. (rN+++)
You do not regenerate when monsters are visible.
You are immune to unholy pain and torment.


Message History

You are frozen.
You resist.
You scratch the endoplasm.
The endoplasm is severely wounded.
The endoplasm freezes you.
You are frozen.
You resist.
You scratch the endoplasm.
You kill the endoplasm!
You feel better.
You have reached level 4!
A bat comes into view.
A kobold comes into view. It is wielding a +0 short sword.
You claw the bat!
You kill the bat!
You see here a bat corpse.
The kobold barely misses you.
Found a pink potion.
You claw the kobold!
You kill the kobold!
Found a yellow potion.
n - a scroll labelled PAGUXU KETT You now have 77 gold pieces (gained 2).
You see here a +0 short sword.
o - a pink potion
h - 2 yellow potions (gained 1)
You now have 86 gold pieces (gained 9).
Found an escape hatch in the floor.
Found 15 gold pieces.
Really walk into a travel-excluded area? [Y]es or [N]o only, please.
Really walk into a travel-excluded area?
Okay, then.
Really walk into a travel-excluded area?
You are engulfed in blazing flames.
Ouch! That really hurt!
You are engulfed in blazing flames.
* * * LOW HITPOINT WARNING * * *
You see here Ozocubu's Autobiography.
You are engulfed in blazing flames.
Ouch! That really hurt!
You die...

#...... #○§°# #......
#§§☼# #......
######...#############..
##.○☼§.$.$.☼§°...# #####
#..§§°..$$.§§○...# #..##
#..§☼○.$...§§○...##
#.#.# #.#
#...#####...###...# #.#
#○@°# #.....#.#.) #.#
#§§☼# #...#.....# #.#
#○§§# #...###.#..
#.#####...#####...#
#...#
#...............###
#.#.# #########.>.....#
#..## #.......# ####
#.......# #.......#


There were no monsters in sight!

Vanquished Creatures
  An adder (D:2)
  A worm (D:2)
  A dart slug (D:2)
  5 endoplasms
  3 goblins (D:1)
  4 hobgoblins
  2 jackals (D:2)
  9 kobolds
  3 quokkas
  4 ball pythons
  4 bats
  2 frilled lizards
  4 rats
43 creatures vanquished.

Notes
Turn   | Place    | Note
-------+----------+-------------------------------------------
     0 | D:1      | Spaninq the Ghoul Warper began the quest for the Orb.
     0 | D:1      | Reached XP level 1. HP: 17/17 MP: 2/2
    15 | D:1      | Reached skill level 1 in Armour
    80 | D:1      | Reached XP level 2. HP: 22/25 MP: 3/3
   444 | D:1      | Learned a level 2 spell: Blink
   782 | D:1      | Found a faded altar of an unknown god.
  1185 | D:2      | Reached XP level 3. HP: 24/30 MP: 4/4
  1263 | D:2      | Reached skill level 3 in Unarmed Combat
  1765 | D:2      | Reached XP level 4. HP: 37/37 MP: 5/5
  1853 | D:2      | Engulfed by a cloud of flame

Illustrated notes

Levels and vault maps discovered:
D:1:      dpeg_arrival_arbitrary_c, layout_basic,
          shapermc_ecumenical_altar_venn, grunt_decor_cap,
          minmay_misc_feat_plants
D:2:      minmay_spotlight, layout_basic, lemuel_flame_loot_1

Skill      XL: |  1  2  3 |
---------------+----------+-----
Armour         | 1 |  1.6
Dodging        | 2 |  2.2
Unarmed Combat | 3 |  3.4
Fighting       | |  2.8
Throwing       | |  0.8
Spellcasting   | |  1.7
Translocations | |  2.6

Action                   |  1- 3 |  4- 6 || total
-------------------------+-------+-------++-------
Melee: Unarmed           |   135 |     2 ||   137
       Punch             |     1 |       ||     1
Armor: Leather armour    |    18 |       ||    18
       Chain mail        |    28 |       ||    28
Dodge: Dodged            |    57 |     1 ||    58

Table legend: (Time is in decaauts)
 A = Elapsed time spent in this place.
 B = Non-inter-level travel time spent in this place.
 C = Inter-level travel time spent in this place.
 D = Time resting spent in this place.
 E = Time spent auto-exploring this place.
 F = Levels seen in this place.
 G = Mean time per level.
                   A        B        C        D        E       F      G
               +--------+--------+--------+--------+--------+-----+--------+
         Total |   1844 |   1787 |     57 |      0 |   1446 |   2 |  922.0 |
       Dungeon |   1844 |   1787 |     57 |      0 |   1446 |   2 |  922.0 |
               +--------+--------+--------+--------+--------+-----+--------+

Top non-repeatable levels by time:
     D:1: 1148 daAuts
     D:2: 696 daAuts
